 Dungeon Crawl Stone Soup version 0.29-a0-283-ga02f740833 (webtiles) character file.

Game seed: 2399697013169850511

7326 sammy202020 the Fighter (level 10, -2/139 HPs)
             Began as a Minotaur Fighter on Mar 14, 2022.
             Was a Priest of Trog.
             Slain by a vampire mosquito (8 damage)
             ... on level 12 of the Dungeon.
             The game lasted 00:19:01 (7290 turns).

sammy202020 the Fighter (Minotaur Fighter)          Turns: 7290, Time: 00:19:01

Health: -2/139     AC: 18    Str: 26    XL:     10   Next: 90%
Magic:  9/9        EV:  9    Int: 11    God:    Trog [***...]
Gold:   653        SH:  6    Dex: 11    Spells: 9/9 levels left

rFire   . . .      SeeInvis +   s - +0 broad axe
rCold   . . .      Faith    .   c - +0 buckler
rNeg    + . .      Spirit   .   d - +0 plate armour
rPois   +          Reflect  .   (helmet restricted)
rElec   .          Harm     .   (no cloak)
rCorr   .          Rampage  .   q - +1 pair of gloves
Will    ++...      Clarity  +   l - +0 pair of boots
Stlth   ..........              m - amulet of regeneration
HPRegen 2.13/turn               k - +6 ring of strength
MPRegen 0.11/turn               z - ring of positive energy

@: berserking, marked, strong-willed, regenerating, very quick
A: horns 2, retaliatory headbutt, see invisible, clarity, clever 1, sense
surroundings 1, poison resistance, no potion heal 1
a: Renounce Religion, Berserk, Trog's Hand


You were on level 12 of the Dungeon.
You worshipped Trog.
Trog was most pleased with you.
You visited 2 branches of the dungeon, and saw 11 of its levels.

You collected 653 gold pieces.

Inventory:

Hand Weapons
 s - a +0 broad axe (weapon)
 w - a +4 morningstar
Missiles
 b - a throwing net
 g - 45 poisoned darts (quivered)
 n - 13 boomerangs
 u - 6 javelins
 C - a curare-tipped dart
Armour
 c - a +0 buckler (worn)
 d - a +0 plate armour (worn)
 l - a +0 pair of boots (worn)
 q - a +1 pair of gloves (worn)
 y - a +1 ring mail of willpower
Jewellery
 a - an amulet of faith
 i - a ring of magical power
 k - a +6 ring of strength (left hand)
 m - an amulet of regeneration (around neck)
 r - a +6 ring of dexterity
 x - a ring of ice
 z - a ring of positive energy (right hand)
 A - a ring of wizardry
 D - a +6 ring of strength
Scrolls
 f - 4 scrolls of identify
 j - 5 scrolls of teleportation
 o - 2 scrolls of noise
 t - a scroll of enchant armour
 v - 3 scrolls of amnesia
 F - a scroll of fear
 H - a scroll of fog
Potions
 e - 2 potions of lignification
 B - 2 potions of flight
 E - a potion of brilliance
 I - 2 potions of heal wounds {unknown}


   Skills:
 * Level 10.2 Fighting
 * Level 9.9 Axes
 * Level 10.1 Armour
 + Level 6.0 Dodging
 * Level 10.2 Shields


You had 9 spell levels left.
You didn't know any spells.
Your spell library contained the following spells:

 Spells                   Type           Power      Damage    Failure   Level
 Sandblast                Erth           0%         2d4       99%         1
 Sting                    Tmut/Pois      0%         1d3       99%         1
 Passwall                 Tmut/Erth      0%         N/A       99%         2
 Poisonous Vapours        Pois/Air       0%         N/A       99%         2
 Call Canine Familiar     Summ           0%         N/A       100%        3
 Gell's Gravitas          Tloc           0%         N/A       100%        3
 Portal Projectile        Hex/Tloc       0%         N/A       100%        3
 Stone Arrow              Conj/Erth      0%         3d7       100%        3
 Teleport Other           Tloc           0%         N/A       100%        3
 Leda's Liquefaction      Hex/Erth       0%         N/A       100%        4
 Olgreb's Toxic Radiance  Pois           0%         N/A       100%        4
 Dispersal                Tloc           0%         N/A       100%        6


Dungeon Overview and Level Annotations

Branches:
Dungeon (9/15)             Temple (1/1) D:6
   Lair: D:8-11         Orc: D:9-12

Altars:
Ashenzari
Cheibriados
Dithmenos
Elyvilon
Fedhas
Gozag
Hepliaklqana
Kikubaaqudgha
Makhleb
Nemelex Xobeh
Okawaru
Qazlal
Ru
Sif Muna
Trog
Uskayaw
Vehumet
Wu Jian
Xom
Yredelemnul
Zin
The Shining One

Shops:
D:5 ?   D:8 *


Innate Abilities, Weirdness & Mutations

You have a pair of horns on your head.
You reflexively headbutt those who attack you in melee.
You have supernaturally acute eyesight. (SInv)
You possess an exceptional clarity of mind.
Your mind is acute. (Int +2)
You passively map a small area around you.
Your system is resistant to poisons. (rPois)
Potions are less effective at restoring your health.


Message History

You feel the power of Trog in you as your rage grows.
You kill the two-headed ogre!
Trog accepts your kill.
You closely miss the vampire mosquito. You barely miss the vampire mosquito.
You slash the cyclops!
The vampire mosquito closely misses you. x2
The cyclops hits you but does no damage.
Your Dodging skill increases to level 6!
You hit the cyclops.
The cyclops is moderately wounded.
You barely miss the vampire mosquito. You slash the vampire mosquito!
You barely miss the vampire mosquito.
You block the vampire mosquito's attack.
The vampire mosquito bites you but does no damage.
The vampire mosquito barely misses you.
The vampire mosquito bites you but does no damage.
You block the vampire mosquito's attack.
The vampire mosquito barely misses you.
You hit the cyclops but do no damage.
The cyclops is moderately wounded.
You barely miss the vampire mosquito. You hit the vampire mosquito.
You slash the vampire mosquito! The vampire mosquito bites you.
* * * LOW HITPOINT WARNING * * *
The vampire mosquito draws strength from your injuries!
The vampire mosquito bites you!
* * * LOW HITPOINT WARNING * * *
The vampire mosquito draws strength from your injuries!
The vampire mosquito completely misses you.
The cyclops closely misses you.
The vampire mosquito closely misses you.
You slash the cyclops! You headbutt the cyclops!
The cyclops is severely wounded.
You closely miss the vampire mosquito.
You barely miss the vampire mosquito. x2
The vampire mosquito closely misses you.
The vampire mosquito bites you.
* * * LOW HITPOINT WARNING * * *
The vampire mosquito barely misses you.
You block the vampire mosquito's attack.
The vampire mosquito bites you!
You die...

.. #., ...#.# #.# * #.##.
.....### #.# ...#..
#...... ,..., , ....>.
.....#* #.# *
......##....# #.#
............#####.# ,
..................#######
#....yyy.####.#........
.....###@.## #.#.#######
..# *#)C# #h#...yh... ,
#..# #.######### , *#
#..#####.# ,
...##.#W......:# ***
........######## **
...##...# * ......# *
........#


You could see a cyclops, a wraith and 3 vampire mosquitoes.

Vanquished Creatures
  A centaur warrior (D:9)
  A two-headed ogre (D:12)
  The ghost of sammy202020 the Shield-Bearer, a novice MiFi (D:6)
  A troll (D:9)
  Prince Ribbit (D:7)
  4 yaks
  A water moccasin (D:5)
  An acid dragon (D:9)
  Duvessa (D:5)
  4 orc warriors
  2 ice beasts
  The ghost of croobank the Sneak, an amateur FeFE of Vehumet (D:6)
  A black bear (D:6)
  An ogre (D:6)
  2 phantoms (D:6)
  4 centaurs
  4 kobold brigands
  3 bullfrogs (D:8)
  4 gnoll sergeants
  9 wights (D:8)
  Dowan (D:5)
  11 killer bees
  A howler monkey (D:5)
  A bullfrog zombie (D:4)
  8 hounds
  6 orc priests
  2 gnoll shamans
  3 iguanas
  10 orc wizards
  A scorpion zombie (D:4)
  3 hound zombies (D:4)
  2 hound skeletons (D:4)
  A howler monkey zombie (D:4)
  21 gnolls
  A howler monkey skeleton (D:4)
  3 adders
  2 shadow imps
  2 white imps
  3 adder zombies (D:4)
  An adder skeleton (D:4)
  3 worms (D:2)
  3 dart slugs
  35 orcs
  5 ball pythons
  5 bats
  An endoplasm (D:4)
  4 giant cockroaches
  3 goblins
  11 hobgoblins
  7 jackals
  22 kobolds
  5 quokkas
  4 frilled lizards
  A rat (D:2)
239 creatures vanquished.

Vanquished Creatures (others)
  3 withered plants
3 creatures vanquished.

Grand Total: 242 creatures vanquished

Notes
Turn   | Place    | Note
-------+----------+-------------------------------------------
     0 | D:1      | sammy202020 the Minotaur Fighter began the quest for the
                  | Orb.
     0 | D:1      | Reached XP level 1. HP: 19/19 MP: 0/0
   166 | D:1      | Reached XP level 2. HP: 27/27 MP: 1/1
   641 | D:1      | Reached XP level 3. HP: 33/33 MP: 2/2
   784 | D:1      | Found a faded altar of an unknown god.
  1524 | D:2      | Reached skill level 1 in Dodging
  1805 | D:3      | Reached XP level 4. HP: 40/40 MP: 3/3
  2630 | D:4      | Reached XP level 5. HP: 46/47 MP: 4/4
  2709 | D:4      | Reached skill level 5 in Fighting
  2709 | D:4      | Reached skill level 5 in Shields
  2774 | D:4      | Reached XP level 6. HP: 56/56 MP: 5/5
  2915 | D:4      | Reached skill level 5 in Armour
  3042 | D:5      | Entered Level 5 of the Dungeon
  3042 | D:5      | Found Duciefry's Magic Scroll Shop.
  3096 | D:5      | Noticed Dowan
  3096 | D:5      | Noticed Duvessa
  3102 | D:5      | Killed Duvessa
  3104 | D:5      | Killed Dowan
  3105 | D:5      | Reached XP level 7. HP: 61/61 MP: 6/6
  3130 | D:5      | Reached skill level 5 in Axes
  3487 | D:6      | Reached XP level 8. HP: 6/71 MP: 7/7
  3722 | D:6      | Found a runed translucent gate.
  3723 | D:6      | Found a runed translucent gate.
  3724 | D:6      | Found a runed translucent gate.
  3728 | D:6      | Noticed sammy202020's ghost (novice MiFi)
  3728 | D:6      | Noticed croobank's ghost (amateur FeFE)
  3779 | D:6      | Killed sammy202020's ghost
  3780 | D:6      | Killed croobank's ghost
  4079 | D:6      | Reached XP level 9. HP: 79/79 MP: 8/8
  4095 | D:6      | Found an ornate altar of the Wu Jian Council.
  4228 | D:6      | Found a staircase to the Ecumenical Temple.
  4298 | Temple   | Entered the Ecumenical Temple
  4419 | Temple   | Became a worshipper of Trog the Wrathful
  5014 | D:7      | Found a shimmering altar of Xom.
  5135 | D:7      | Noticed Prince Ribbit
  5157 | D:7      | Killed Prince Ribbit
  5157 | D:7      | Reached * piety under Trog
  5557 | D:8      | Gained mutation: You are resistant to electric shocks.
                  | (rElec) [potion of mutation]
  5557 | D:8      | Gained mutation: You have large cloven feet. [potion of
                  | mutation]
  5557 | D:8      | Gained mutation: You passively dampen the noise of your
                  | surroundings. [potion of mutation]
  5557 | D:8      | Gained mutation: Your spells are a little harder to cast,
                  | but a little more powerful. [potion of mutation]
  5558 | D:8      | Lost mutation: Your spells are a little harder to cast, but
                  | a little more powerful. [potion of mutation]
  5558 | D:8      | Lost mutation: You passively dampen the noise of your
                  | surroundings. [potion of mutation]
  5558 | D:8      | Lost mutation: You are resistant to electric shocks.
                  | (rElec) [potion of mutation]
  5558 | D:8      | Gained mutation: You passively dampen the noise of your
                  | surroundings. [potion of mutation]
  5558 | D:8      | Gained mutation: Your system is resistant to poisons.
                  | (rPois) [potion of mutation]
  5558 | D:8      | Gained mutation: Your mind is acute. (Int +2) [potion of
                  | mutation]
  5559 | D:8      | Lost mutation: You passively dampen the noise of your
                  | surroundings. [potion of mutation]
  5559 | D:8      | Lost mutation: You have large cloven feet. [potion of
                  | mutation]
  5559 | D:8      | Gained mutation: You passively map a small area around you.
                  | [potion of mutation]
  5559 | D:8      | Gained mutation: You possess an exceptional clarity of
                  | mind. [potion of mutation]
  5559 | D:8      | Gained mutation: Potions are less effective at restoring
                  | your health. [potion of mutation]
  5559 | D:8      | Gained mutation: You have supernaturally acute eyesight.
                  | (SInv) [potion of mutation]
  5728 | D:8      | Reached skill level 5 in Dodging
  5744 | D:8      | Found Moruuq's Mayhem Merchandise.
  5887 | D:8      | Found an opulent altar of Gozag.
  6045 | D:8      | Reached XP level 10. HP: 88/91 MP: 9/9
  6102 | D:8      | Reached ** piety under Trog
  6832 | D:9      | Noticed a centaur warrior
  6846 | D:9      | Killed a centaur warrior
  7020 | D:9      | Reached skill level 10 in Fighting
  7020 | D:9      | Reached skill level 10 in Shields
  7102 | D:9      | Reached skill level 10 in Armour
  7102 | D:9      | Reached *** piety under Trog
  7224 | D:9      | You fall into a shaft and drop 3 floors!
  7268 | D:12     | Noticed a two-headed ogre
  7279 | D:12     | Noticed a cyclops
  7287 | D:12     | Killed a two-headed ogre
  7290 | D:12     | HP: 6/139 [vampire mosquito (6)]
  7290 | D:12     | Slain by a vampire mosquito

Illustrated notes

Levels and vault maps discovered:
D:1:      erik_arrival_cave_to_civilisation [erik_arrival_cave_to_hall],
          layout_basic, ebering_ecumenical_altar_hall
D:2:      layout_rooms, st_stairs_4, minmay_split_cup_small
D:3:      layout_loops_ring
D:4:      layout_loops_ring, serial_undead, serial_undead_c, serial_undead_c,
          serial_undead_b, serial_undead_a, serial_undead_f, serial_undead_e
D:5:      layout_rooms, serial_shops, nicolae_stop_n_shop_2, uniq_duvessa
D:6:      layout_layer_cave, mainiacjoe_overflow_alcove_1,
          minmay_temple_entry_ruins, gammafunk_ghost_cemetery, minmay_circle_x
D:7:      layout_rooms, lemuel_tele_altar, uniq_prince_ribbit1
D:8:      layout_basic, nicolae_overflow_crystal_walls, minmay_shop_mayhem,
          minmay_fractal_squares_5
D:9:      layout_roguey
D:12:     layout_basic, uniq_gastronok, uniq_jorgrun, uniq_fannar, uniq_nessos
Temple:   mainiacjoe_temple_bowtie_tessellation

Skill      XL: |  1  2  3  4  5  6  7  8  9 10 |
---------------+-------------------------------+-----
Armour         | 4 5 6 7 8 10 | 10.1
Shields        | 4 5 6 7 9 10 | 10.2
Fighting       | 4 5 6 7 9 10 | 10.2
Axes           | 3 4 5 7 8 9 |  9.9
Dodging        | 1 2 3 4 5 6 |  6.0

Action                   |  1- 3 |  4- 6 |  7- 9 | 10-12 || total
-------------------------+-------+-------+-------+-------++-------
Melee: War axe           |    85 |    54 |       |       ||   139
       Headbutt          |    13 |    16 |    42 |    39 ||   110
       Broad axe         |       |    23 |   257 |   164 ||   444
Throw: Dart              |       |       |    17 |       ||    17
Invok: Berserk           |       |       |     1 |     3 ||     4
       Trog's Hand       |       |       |       |     2 ||     2
  Use: Scroll            |     3 |    10 |     2 |     3 ||    18
       Potion            |       |       |     9 |     2 ||    11
Armor: Scale mail        |    46 |    49 |     9 |       ||   104
       Ring mail         |       |       |    33 |       ||    33
       Plate armour      |       |       |   117 |   119 ||   236
       Skin              |       |       |    73 |       ||    73
Dodge: Dodged            |    43 |    49 |   124 |    96 ||   312
Block: Buckler           |    16 |    17 |   107 |    67 ||   207

Table legend: (Time is in decaauts)
 A = Elapsed time spent in this place.
 B = Non-inter-level travel time spent in this place.
 C = Inter-level travel time spent in this place.
 D = Time resting spent in this place.
 E = Time spent auto-exploring this place.
 F = Levels seen in this place.
 G = Mean time per level.
                   A        B        C        D        E       F      G
               +--------+--------+--------+--------+--------+-----+--------+
         Total |   7444 |   7398 |     46 |      0 |   5303 |  11 |  676.7 |
       Dungeon |   7194 |   7148 |     46 |      0 |   5099 |  10 |  719.4 |
        Temple |    249 |    249 |      0 |      0 |    204 |   1 |  249.0 |
               +--------+--------+--------+--------+--------+-----+--------+

Top non-repeatable levels by time:
     D:8: 1282 daAuts
     D:6: 1218 daAuts
     D:1: 1206 daAuts
     D:4: 713 daAuts
     D:7: 633 daAuts
     D:3: 629 daAuts
     D:2: 546 daAuts
     D:9: 450 daAuts
     D:5: 448 daAuts
  Temple: 249 daAuts
    D:12: 65 daAuts
